 Dungeon Crawl Stone Soup version 0.20.1-1-g8b1a95d (webtiles) character file.

585 terrabitesyou the Conjurer (level 7, -8/36 HPs)
             Began as a Deep Elf Conjurer on Nov 25, 2017.
             Was an Initiate of Vehumet.
             Killed by an exploding fulminant prism (24 damage)
             ... created by the player character
             ... on level 5 of the Dungeon on Nov 27, 2017.
             The game lasted 00:36:20 (5381 turns).

terrabitesyou the Conjurer (Deep Elf Conjurer)      Turns: 5381, Time: 00:36:23

Health: -8/36      AC:  2    Str:  7    XL:     7   Next: 14%
Magic:  8/16       EV: 13    Int: 20    God:    Vehumet [......]
Gold:   180        SH:  0    Dex: 15    Spells: 6/15 levels left

rFire    . . .     SeeInvis .   (no weapon)
rCold    . . .     Gourm    .   (no shield)
rNeg     . . .     Faith    .   a - +0 robe
rPois    .         Spirit   .   (no helmet)
rElec    .         Reflect  .   (no cloak)
rCorr    .         Harm     .   (no gloves)
MR       .....                  (no boots)
Stlth    +++.......             (no amulet)
Regen    0.2/turn               (no ring)
MPRegen  0.2/turn               (no ring)

@: lethally poisoned (-8 -> -12)
A: no striking features
a: Renounce Religion


You were on level 5 of the Dungeon.
You worshipped Vehumet.
Vehumet was noncommittal.
You were not hungry.

You visited 1 branch of the dungeon, and saw 5 of its levels.

You collected 180 gold pieces.

Inventory:

Missiles
 k - 19 poisoned needles
 m - 16 arrows
 r - 7 needles of confusion
Armour
 a - a +0 robe (worn)
Jewellery
 d - an uncursed ring of protection from magic {unknown}
 e - an uncursed ring of ice {unknown}
 p - an uncursed amulet of rage
Wands
 j - a wand of disintegration (19/24)
 q - a wand of flame (30/48)
 v - a wand of random effects (34/48)
Scrolls
 f - 3 scrolls of teleportation {unknown}
 h - 4 scrolls of remove curse {unknown}
 u - a scroll of recharging {unknown}
 w - a scroll of identify
Potions
 i - a potion of magic
 n - 2 potions of heal wounds {unknown}
 s - a potion of agility {unknown}
 t - a potion of curing {unknown}
Books
 b - a book of Conjurations

   Spells                             Type                      Level
   a - Magic Dart                     Conjuration                  1
   b - Searing Ray                    Conjuration                  2
   c - Dazzling Spray                 Conjuration/Hexes            3
   d - Fulminant Prism                Conjuration/Hexes            4
   e - Force Lance                    Conjuration/Translocation    4
   f - Iskenderun's Mystic Blast      Conjuration                  4
 l - a book of Changes

   Spells                             Type                      Level
   a - Beastly Appendage              Transmutation                1
   b - Sticks to Snakes               Transmutation                2
   c - Spider Form                    Transmutation/Poison         3
   d - Ice Form                       Ice/Transmutation            4
   e - Blade Hands                    Transmutation                5
Comestibles
 c - 2 bread rations
 g - 3 royal jellies
 o - 3 fruits


   Skills:
 - Level 2.4 Dodging
 - Level 3.9 Stealth
 + Level 4.8 Spellcasting
 * Level 6.5 Conjurations
 + Level 6.3 Hexes


You had 6 spell levels left.
You knew the following spells:

 Your Spells              Type           Power        Failure   Level  Hunger
e - Fulminant Prism       Conj/Hex       ####......   9%          4    ####...
q - Magic Dart            Conj           ####         1%          1    None
r - Sticks to Snakes      Tmut           #.......     19%         2    #......
w - Searing Ray           Conj           ####..       1%          2    #......


Dungeon Overview and Level Annotations

Branches:
Dungeon (5/15)
 Temple: D:4-7

Altars:
Hepliaklqana
Kikubaaqudgha
Nemelex Xobeh
Ru
Vehumet
Yredelemnul


Message History

Aiming: Fulminant Prism
Press: ? - help, Dir - move target cursor You conjure a prism of explosive energy!
You feel sick. The worker ant barely misses you.
The worker ant bites you but does no damage.
An orc comes into view.
You feel sick.
The orc wizard casts a spell.
The orc wizard flickers and vanishes!
Deactivating autopickup; reactivate with Ctrl-A.
The worker ant bites you.
Your fulminant prism crackles loudly.
Something hits you. The worker ant closely misses you.
Your fulminant prism explodes!
The blast of energy engulfs something.
Vehumet accepts your kill.
Reactivating autopickup.
You feel a bit more experienced. The blast of energy engulfs you!
Ouch! That really hurt!
You die...

#....#######..... .. ....
#................ .. .??.
#....#......##### #. ...o
####.######.# ###.##...o
#o##### ..# #.......o.
###.o...###... #.........
#.........###.##......#.#
#.>...)...# .##...<...!a
#......>@a# ##....^.#..
#.............##......#
#.....>.....$.........#
#.........#......a.....
#.........#.......?.....
#......(....##...........
#####.#..## ###.##.......
....... .##...


You could see a worker ant and 2 orcs.

Vanquished Creatures
  Grinder (D:3)
  An ice beast (D:5)
  Blork the orc (D:4)
  A scorpion (D:4)
  An orc wizard (D:5)
  7 adders
  An ooze (D:3)
  2 worms
  3 dart slugs
  3 leopard geckos
  2 orcs
  A giant cockroach (D:2)
  2 gnoll zombies (D:2)
  8 goblins
  8 hobgoblins
  7 jackals
  2 quokkas
  3 ball pythons
  13 bats
  5 frilled lizards
  6 kobolds
  12 rats
90 creatures vanquished.

Vanquished Creatures (others)
  A bullfrog zombie (D:5)
  8 fulminant prisms
9 creatures vanquished.

Grand Total: 99 creatures vanquished

Notes
Turn   | Place    | Note
-------+----------+-------------------------------------------
     0 | D:1      | terrabitesyou the Deep Elf Conjurer began the quest for the Orb.
     0 | D:1      | Reached XP level 1. HP: 10/10 MP: 6/6
   341 | D:1      | Reached XP level 2. HP: 15/15 MP: 6/8
   412 | D:1      | Learned a level 2 spell: Searing Ray
  1394 | D:2      | Reached XP level 3. HP: 17/19 MP: 6/10
  1781 | D:2      | Reached skill level 5 in Conjurations
  2786 | D:2      | Found a basalt altar of Yredelemnul.
  2845 | D:2      | Reached XP level 4. HP: 24/24 MP: 8/11
  2936 | D:3      | Noticed Grinder
  2942 | D:3      | Learned a level 4 spell: Fulminant Prism
  2947 | D:3      | Paralysed by Grinder for 5 turns
  2956 | D:3      | Killed Grinder
  2956 | D:3      | Reached skill level 5 in Hexes
  2956 | D:3      | Reached XP level 5. HP: 27/28 MP: 1/12
  2956 | D:3      | Reached XP level 6. HP: 31/32 MP: 1/13
  3048 | D:3      | Learned a level 2 spell: Sticks to Snakes
  3139 | D:3      | Found an ancient bone altar of Kikubaaqudgha.
  3825 | D:3      | Found a sacrificial altar of Ru.
  3829 | D:3      | Found a radiant altar of Vehumet.
  3861 | D:3      | Became a worshipper of Vehumet
  3864 | D:3      | Found a sparkling altar of Nemelex Xobeh.
  4218 | D:4      | Noticed Blork the orc
  4231 | D:4      | Killed Blork the orc
  4795 | D:4      | Found a hazy altar of Hepliaklqana.
  5066 | D:5      | Entered Level 5 of the Dungeon
  5149 | D:5      | Noticed an ice beast
  5162 | D:5      | Killed an ice beast
  5162 | D:5      | Reached XP level 7. HP: 36/36 MP: 0/16
  5381 | D:5      | Killed by an exploding fulminant prism

Skill      XL: |  1  2  3  4  5  6 |
---------------+-------------------+-----
Stealth        | 3 |  3.9
Conjurations   | 5 6 |  6.5
Hexes          | 5 6 |  6.3
Spellcasting   | 4 |  4.8
Dodging        | |  2.4

Action                   |  1- 3 |  4- 6 |  7- 9 || total
-------------------------+-------+-------+-------++-------
 Cast: Magic Dart        |    85 |    65 |     4 ||   154
       Searing Ray       |     5 |     7 |     1 ||    13
       Fulminant Prism   |       |     7 |     2 ||     9
  Use: Scroll            |       |     2 |       ||     2
       Potion            |       |     1 |       ||     1
  Eat: Chunk             |     5 |     5 |       ||    10
       Meat ration       |       |     1 |       ||     1
Armor: Robe              |     1 |     2 |     1 ||     4
Dodge: Dodged            |    17 |     4 |     3 ||    24
